Map: Thunderbird LE

Players

pHARM - Winner!

  • Race: Zerg Zerg
  • League: Platinum
  • Spawn Location: 11:00

Zorrm

  • Race: Terran Terran
  • League: Platinum
  • Spawn Location: 5:00

VOD

Have the link to the VOD?

Description

Time

  • Played on: Sept. 1, 2019, 11:46 a.m.
  • Length: 12:38
Show
View Real Time Build Order
Export as new Build Order

pHARM Zerg - Winner!

Build Orders: Hatch First 

Get SALT Encoding   

  12  0:01  Drone  
  13  0:15  Drone  
  13  0:16  Overlord  
  14  0:33  Drone, Extractor  
  15  0:37  Drone  
  16  0:52  Hatchery  
  16  0:55  Drone  
  16  0:57  Drone  
  16  1:02  Drone  
  19  1:11  Drone  
  19  1:23  Drone  
  20  1:29  Spawning Pool  
  20  1:31  Drone  
  20  1:49  Extractor  
  20  1:54  Drone  
  20  1:55  Overlord  
  20  2:03  Drone  
  21  2:15  Queen  
  21  2:16  Queen  
  21  2:18  Drone x3  
  28  2:27  Drone  
  28  2:28  Drone  
  30  2:39  Spine Crawler  
  29  2:44  Drone  
  29  2:45  Drone  
  31  2:56  Lair  
  31  2:58  Drone  
  31  2:59  Drone x3  
  35  3:14  Drone  
  35  3:17  Overlord  
  36  3:29  Overlord x3  
  36  3:38  Metabolic Boost  
  36  3:41  Queen  
  38  3:45  Hatchery  
  37  3:56  Pneumatized Carapace  
  37  3:58  Zergling x2  
  37  3:59  Zergling x16  
  46  4:03  Extractor  
  46  4:04  Extractor  
  44  4:16  Queen  
  46  4:29  Drone x3  
  46  4:30  Drone x3  
  52  4:40  Drone x4  
  53  4:53  Zergling x6  
  55  5:03  Zergling x10  
  55  5:05  Baneling Nest  
  55  5:09  Zergling x10  
  55  5:14  Zergling x2  
  54  5:20  Zergling x2  
  54  5:21  Zergling x2  
  54  5:24  Zergling x2  
  54  5:25  Queen x2  
  54  5:26  Queen  
  49  5:39  Spine Crawler  
  48  5:43  Zergling x12  
  54  5:56  Centrifical Hooks  
  54  6:03  Baneling x10  
  54  6:06  Overlord  
  54  6:37  Extractor  
  53  6:42  Hydralisk Den  
  52  6:54  Drone  
  52  6:55  Drone x19  
  72  7:18  Evolution Chamber  
  72  7:20  Evolution Chamber  
  70  7:41  Grooved Spines  
  70  7:46  Overlord x7  
  70  7:47  Overlord x2  
  70  8:09  Drone  
  70  8:10  Drone x8  
  79  8:13  Drone x4  
  79  8:15  Extractor  
  79  8:17  Extractor  
  81  8:20  Zerg Ground Armor Level 1, Zerg Melee Weapons Level 1  
  81  8:25  Zergling x20  
  91  8:45  Drone  
  92  8:53  Muscular Augments, Hatchery  
  91  9:02  Zergling x22  
  102  9:03  Zergling x6  
  105  9:29  Overlord  
  105  9:30  Overlord x2  
  105  9:31  Hydralisk x8  
  121  9:57  Baneling  
  121  9:58  Baneling x23  
  121  9:59  Baneling x27  
  121  10:00  Baneling x8  
  121  10:03  Zergling x10  
  126  10:31  Drone  
  126  10:32  Drone x14  
  141  10:37  Zergling x2  
  141  10:38  Zergling x14  
  149  11:14  Hatchery  
  148  11:25  Hydralisk x4  
  148  11:26  Hydralisk x9  
  148  11:29  Overlord x5  
  131  11:44  Hydralisk x4  
  128  11:56  Zergling x2  
  128  11:57  Zergling x6  
  124  12:13  Infestation Pit  
Show
View Real Time Build Order
Export as new Build Order

Zorrm Terran 

Build Orders:  

Get SALT Encoding   

  12  0:00  SCV  
  13  0:12  SCV  
  14  0:17  Supply Depot  
  14  0:25  SCV  
  15  0:39  SCV  
  15  0:40  Barracks  
  16  0:47  Refinery  
  16  0:51  SCV  
  17  1:04  SCV  
  17  1:08  Barracks  
  18  1:23  SCV  
  19  1:28  Marine, Supply Depot  
  20  1:35  Orbital Command  
  20  1:51  Marine  
  21  1:56  Marine  
  22  2:03  SCV  
  23  2:14  Barracks  
  23  2:15  Marine x2  
  25  2:21  Refinery  
  25  2:22  Supply Depot  
  25  2:34  Barracks Tech Lab  
  25  2:35  Barracks Reactor  
  25  2:37  SCV  
  26  2:50  SCV  
  27  2:58  Stimpack  
  27  3:01  Marine  
  27  3:02  Marine  
  29  3:10  SCV, Supply Depot  
  30  3:19  Engineering Bay  
  30  3:20  Engineering Bay  
  30  3:23  Marine  
  30  3:24  Marine x2  
  30  3:25  Marauder  
  35  3:29  SCV  
  36  3:41  SCV  
  36  3:43  Marine x3  
  40  3:49  Terran Infantry Armor Level 1, Terran Infantry Weapons Level 1  
  40  4:06  Marine x2  
  40  4:09  Marine  
  43  4:14  Command Center  
  43  4:46  Supply Depot  
  43  4:47  Supply Depot, Barracks Tech Lab  
  43  4:48  Combat Shield  
  37  5:25  Marine x3  
  37  5:26  Marauder  
  30  5:46  Factory  
  30  5:50  Orbital Command  
  30  5:56  SCV  
  31  5:58  Marine x2  
  31  5:59  Marauder  
  31  6:00  Marauder  
  37  6:09  SCV  
  38  6:20  Marine  
  38  6:21  Marine, Marauder  
  38  6:22  Marauder  
  44  6:33  Armory  
  44  6:34  Factory Tech Lab  
  44  6:39  SCV x2  
  46  6:56  Marine x2  
  46  6:57  Marauder x2  
  46  7:00  Concussive Shells  
  52  7:02  SCV x2  
  52  7:07  Siege Tank  
  57  7:18  SCV x2  
  57  7:19  Marine x2  
  57  7:20  Command Center, Marauder x2  
  65  7:25  Terran Infantry Armor Level 2, Terran Infantry Weapons Level 2, Terran Vehicle Weapons Level 1  
  65  7:37  Supply Depot  
  65  7:38  Supply Depot  
  65  7:40  Supply Depot  
  65  7:41  SCV x2, Supply Depot  
  67  7:57  Starport  
  67  8:05  Refinery  
  67  8:06  SCV x2, Refinery  
  69  8:14  Marine  
  69  8:15  Marine, Marauder  
  69  8:16  Marauder  
  69  8:19  SCV x2  
  77  8:32  Orbital Command  
  77  8:35  Marine x2  
  77  8:37  Marauder x2  
  77  8:38  Starport Reactor  
  83  8:54  SCV x2  
  85  8:56  Orbital Command  
  85  9:01  Siege Tank  
  88  9:07  Marine x2  
  88  9:08  Marauder x2  
  94  9:23  SCV x3  
  97  9:31  Marine x2  
  99  9:32  Marauder x2  
  99  9:35  Medivac x2  
  99  9:37  Siege Tank  
  110  9:39  Terran Vehicle Weapons Level 2  
  110  9:45  Refinery  
  110  9:46  SCV x3  
  110  9:47  Refinery  
  113  9:56  Marine  
  113  9:57  Marine, Marauder x2  
  119  10:03  Supply Depot  
  119  10:04  Supply Depot  
  119  10:05  SCV x3, Supply Depot  
  122  10:24  SCV  
  122  10:25  SCV x2  
  125  10:48  SCV x3  
  128  11:02  Medivac x2  
  128  11:04  Marine x2  
  133  11:05  Siege Tank, Marauder x2  
  141  11:30  Marine x2  
  141  11:31  Marauder x2  
  40  12:20  SCV x3  
  41  12:30  Starport  
  41  12:31  Starport  
  41  12:33  Starport  
  41  12:34  Starport  
Tags
 
Matchup
TvZ
Replay Pack
10.7.19
Spawn Locations
Cross Positions
Add a new tag
Caveats
  • Supply blocks, unpowered buildings, or Contaminate may cause inaccurate times.
  • Supply counts are checked every 10 seconds.